 Dungeon Crawl Stone Soup version 0.22-a0-266-g5fdf0d7 (webtiles) character file.

245 JeffiDaFish the Firebug (level 6, -10/32 HPs)
             Began as a Tengu Fire Elementalist on Mar 8, 2018.
             Killed by divine providence
             ... invoked by an orc priest
              (12 damage)
             ... on level 4 of the Dungeon.
             The game lasted 00:09:26 (3759 turns).

JeffiDaFish the Firebug (Tengu Fire Elementalist)   Turns: 3759, Time: 00:09:28

Health: -10/32     AC:  2    Str:  8    XL:     6   Next: 10%
Magic:  0/12       EV: 13    Int: 18    God:
Gold:   145        SH:  4    Dex: 16    Spells: 4/12 levels left

rFire    . . .     SeeInvis .   d - +1 dagger
rCold    . . .     Gourm    .   (no shield)
rNeg     . . .     Faith    .   a - +0 robe
rPois    .         Spirit   .   (helmet restricted)
rElec    .         Reflect  .   (no cloak)
rCorr    .         Harm     .   (no gloves)
MR       .....                  (boots unavailable)
Stlth    ++........             (no amulet)
HPRegen  0.10/turn              (no ring)
MPRegen  0.13/turn              (no ring)

@: no status effects
A: beak, horns 1, talons 3, large bone plates 1, agile 1, evolution 1, able to
fly 1
a: Fly


You were on level 4 of the Dungeon.
You were not hungry.

You visited 1 branch of the dungeon, and saw 4 of its levels.

You collected 145 gold pieces.

Inventory:

Hand Weapons
 d - a +1 dagger (weapon)
 j - a +1 dagger of electrocution
Armour
 a - a +0 robe (worn)
Scrolls
 e - 3 scrolls of magic mapping
 f - 4 scrolls of remove curse
 h - 3 scrolls of identify
 i - a scroll of teleportation
Comestibles
 b - a chunk of flesh
 c - 9 rations


   Skills:
 - Level 0.1 Fighting
 - Level 0.2 Short Blades
 - Level 2.3 Dodging
 - Level 2.3 Stealth
 * Level 3.5 Spellcasting
 + Level 3.0 Conjurations
 * Level 5.5 Fire Magic


You had 4 spell levels left.
You knew the following spells:

 Your Spells              Type           Power        Failure   Level  Hunger
a - Flame Tongue          Conj/Fire      ###..        2%          1    None
b - Conjure Flame         Conj/Fire      ###.....     8%          3    ###....
c - Sticky Flame          Conj/Fire      ###.....     26%         4    ####...


Dungeon Overview and Level Annotations

Branches:
Dungeon (4/15)
 Temple: D:4-7

Altars:
Nemelex Xobeh


Innate Abilities, Weirdness & Mutations

You have a beak for a mouth.
You have claws for feet.
You can fly.
You have a pair of small horns on your head.
You are partially covered in large bone plates. (SH +4)
You are agile. (Dex +2)
You evolve.


Message History

The orc priest invokes the aid of Beogh against you.
Beogh smites you!
* * * LOW HITPOINT WARNING * * *
You feel better.
The orc priest mumbles some strange prayers to Beogh against you.
Beogh smites you!
* * * LOW HITPOINT WARNING * * *
You hear a shout!
Casting: Flame Tongue (safe; 2% risk of failure)
Confirm with . or Enter, or press ? or * to list all spells.
Aiming: Flame Tongue (safe; 2% risk of failure)
Press: ? - help, Shift-Dir - straight line, f/p - orc priest
Aim: an orc priest, wielding a falchion and wearing a ring mail (moderately wounded, fast)
The flame tongue hits the orc priest.
The orc priest appears unharmed.
The orc priest is moderately wounded.
You hear a shout!
The orc priest misses you.
The orc priest calls down the wrath of Beogh upon you.
Beogh smites you!
You die...

.. # .. .. #. .. #$
.##.##. .......##
.......o###
.......o@.#
.......#..###
.#######....########
##.#..(.....#
#..#.......#
##.........#
###.......#
#.......# #.......#


You could see an orc priest and an orc wizard.

Vanquished Creatures
  A hound (D:4)
  An orc wizard (D:4)
  Jessica (D:2)
  A worker ant (D:4)
  5 adders
  2 oozes
  An adder skeleton (D:4)
  3 dart slugs
  2 leopard geckos
  An orc (D:4)
  2 ball pythons
  7 bats
  5 giant cockroaches
  5 goblins
  6 hobgoblins
  10 jackals
  10 kobolds
  A quokka (D:3)
  2 frilled lizards (D:1)
  9 rats
75 creatures vanquished.

Notes
Turn   | Place    | Note
-------+----------+-------------------------------------------
     0 | D:1      | JeffiDaFish the Tengu Fire Elementalist began the quest for the Orb.
     0 | D:1      | Reached XP level 1. HP: 10/10 MP: 4/4
   109 | D:1      | Reached XP level 2. HP: 13/15 MP: 3/6
   256 | D:1      | Reached skill level 4 in Fire Magic
   342 | D:1      | Reached XP level 3. HP: 15/19 MP: 4/7
   555 | D:1      | Learned a level 3 spell: Conjure Flame
  1294 | D:2      | Reached XP level 4. HP: 18/24 MP: 8/8
  1383 | D:2      | Noticed Jessica
  1390 | D:2      | Killed Jessica
  1684 | D:2      | Gained mutation: You are partially covered in large bone plates. (SH +4) [potion of mutation]
  1684 | D:2      | Gained mutation: You evolve. [potion of mutation]
  1684 | D:2      | Gained mutation: You have a pair of small horns on your head. [potion of mutation]
  1882 | D:2      | Learned a level 4 spell: Sticky Flame
  2354 | D:3      | Gained mutation: You can fly. [Tengu growth]
  2354 | D:3      | Reached XP level 5. HP: 28/28 MP: 10/10
  2445 | D:3      | Gained mutation: You are agile. (Dex +2) [evolution]
  2700 | D:3      | Reached skill level 5 in Fire Magic
  2763 | D:3      | Found a sparkling altar of Nemelex Xobeh.
  3717 | D:4      | HP: 1/28 [hound (6)]
  3750 | D:4      | Reached XP level 6. HP: 17/32 MP: 0/12
  3757 | D:4      | HP: 1/32 [orc priest/divine providence (12)]
  3759 | D:4      | Killed from afar by an orc priest

Vault maps used:
D:1:      dpeg_arrival_round_a
D:2:      minmay_misc_feat_enclosed, uniq_jessica
D:3:      first_ration, nemelex_diamond_rough_becter

Skill      XL: |  1  2  3  4  5 |
---------------+----------------+-----
Fire Magic     | 4 5 |  5.5
Conjurations   | 2 3 |  3.0
Spellcasting   | 3 |  3.5
Fighting       | |  0.1
Short Blades   | |  0.2
Dodging        | |  2.3
Stealth        | |  2.3

Action                   |  1- 3 |  4- 6 || total
-------------------------+-------+-------++-------
Melee: Dagger            |    52 |    72 ||   124
       Kick              |    11 |    14 ||    25
       Peck              |     4 |     6 ||    10
       Headbutt          |       |     6 ||     6
 Cast: Flame Tongue      |    35 |    37 ||    72
       Sticky Flame      |       |     1 ||     1
  Use: Scroll            |     8 |     2 ||    10
       Potion            |     1 |    12 ||    13
 Stab: Sleeping          |     3 |     2 ||     5
       Distracted        |       |     1 ||     1
  Eat: Chunk             |     2 |     7 ||     9
Armor: Robe              |    14 |    15 ||    29
Dodge: Dodged            |    43 |    58 ||   101
Block: Other             |       |    13 ||    13

Table legend:
 A = Spawn XP
 B = Non-spawn XP
 C = Spawn XP percentage of total XP
 D = Spawn monster count
 E = Non-spawn monster count
 F = Spawn count percentage of total count
 G = Total turns spent on level
                    A         B        C        D         E        F      G
               +---------+---------+-------+---------+---------+-------+---------
         Total |       0 |     351 |   0.0 |       0 |      75 |   0.0 |  3759
               +---------+---------+-------+---------+---------+-------+---------
           D:1 |       0 |      53 |   0.0 |       0 |      28 |   0.0 |  1162
           D:2 |       0 |     108 |   0.0 |       0 |      23 |   0.0 |  1155
           D:3 |       0 |      47 |   0.0 |       0 |      16 |   0.0 |  1122
           D:4 |       0 |     143 |   0.0 |       0 |       8 |   0.0 |   320
               +---------+---------+-------+---------+---------+-------+---------
